 Dungeon Crawl Stone Soup version 0.30-a0-857-gcaf70739d4 (webtiles) character file.

Game seed: 10004285455574816463

119 ragingrage the Sneak (level 4, 0/35 HPs)
             Began as a Demonspawn Delver on Mar 6, 2023.
             Killed from afar by an orc wizard (9 damage)
             ... with a puff of flame
             ... on level 4 of the Dungeon.
             The game lasted 00:02:39 (2377 turns).

ragingrage the Sneak (Demonspawn Delver)            Turns: 2377, Time: 00:02:40

Health: 0/35       AC:  4    Str: 12    XL:     4   Next: 73%
Magic:  4/4        EV: 12    Int: 11    God:
Gold:   256        SH:  0    Dex: 17    Spells: 3/3 levels left

rFire   . . .      SeeInvis .    a - +0 falchion
rCold   . . .      Faith    .    (no shield)
rNeg    . . .      Spirit   .    b - +0 leather armour
rPois   .          Reflect  .    (no helmet)
rElec   .          Rampage  .    (no cloak)
rCorr   .                        (no gloves)
Will    +....                    p - +0 pair of boots
Stlth   +++                      (no amulet)
HPRegen 0.25/turn                (no ring)
MPRegen 0.09/turn                (no ring)

@: no status effects
A: demonic touch 2, deterioration 1, strong-willed 1
a: no special abilities


You were on level 4 of the Dungeon.
You visited 1 branch of the dungeon, and saw 6 of its levels.

You collected 256 gold pieces.

Inventory:

Hand Weapons
 a - a +0 falchion (weapon)
 j - a +0 dagger
Missiles
 o - 12 poisoned darts (quivered)
Armour
 b - a +0 leather armour (worn)
 p - a +0 pair of boots (worn)
Wands
 g - a wand of digging (3)
Scrolls
 c - 2 scrolls of fog
 d - a scroll of magic mapping
 e - 2 scrolls of fear
 h - 6 scrolls of identify {unknown}
 k - 3 scrolls of teleportation {unknown}
 l - 2 scrolls of immolation {unknown}
 r - a scroll of summoning {unknown}
 s - a scroll of blinking {unknown}
Potions
 f - 2 potions of haste
 i - a potion of mutation
 m - a potion of flight {unknown}
 n - 3 potions of invisibility {unknown}
 q - a potion of brilliance {unknown}
 t - a potion of might {unknown}
 u - a potion of degeneration {unknown}


   Skills:
 - Level 3.0 Fighting
 + Level 4.5 Long Blades
 - Level 1.7 Dodging
 - Level 4.5 Stealth


You had 3 spell levels left.
You didn't know any spells.
Your spell library contained the following spells:

 Spells                   Type           Power      Damage    Failure   Level
 Sublimation of Blood     Necr           0%         N/A       56%         2
 Wereblood                Tmut           0%         N/A       56%         2
 Portal Projectile        Hex/Tloc       0%         N/A       80%         3
 Tukima's Dance           Hex            0%         N/A       80%         3
 Blade Hands              Tmut           0%         N/A       100%        5
 Summon Hydra             Summ           0%         N/A       100%        7


Dungeon Overview and Level Annotations

Branches:
Dungeon (6/15)
 Temple: D:4-7

Altars:
Fedhas
Gozag

Annotations:
D:5 exclusions: howler monkey and iguana


Innate Abilities, Weirdness & Mutations

Your touch may inflict irresistible damage on your foes.
Your body sometimes deteriorates upon taking damage.
You are strong-willed. (Will+)


Message History

The adder attacks as you move away! The adder barely misses you.
You feel sick.
You feel sick. The adder closely misses you.
The adder attacks as you move away! The adder bites you. Something hits you.
You feel sick. The adder misses you.
You barely miss the adder. Your touch misses the adder.
You feel sick. The adder bites you.
You miss the adder.
You feel sick.
You are no longer poisoned.
The adder barely misses you.
An ufetubus comes into view.
You miss the adder.
The ufetubus shouts!
Your touch misses the adder. The adder closely misses you. x2
You hit the adder. The adder closely misses you.
You slash the adder!
You kill the adder!
The ufetubus misses you. The ufetubus barely misses you.
You hit the ufetubus.
You touch the ufetubus.
You kill the ufetubus!
You hear some strange, mumbled words.
A puff of flame appears from out of thin air!
The puff of flame hits you!
You swing at nothing.
You closely miss something.
You hear some strange, mumbled words.
A magic dart appears from out of thin air!
The magic dart hits you.
* * * LOW HITPOINT WARNING * * *
You miss something. Your touch misses something.
Something hits you but does no damage.
You hit something but do no damage. Your touch misses something.
Something completely misses you.
You hit something but do no damage. Your touch misses something.
Something hits you.
* * * LOW HITPOINT WARNING * * *
You miss something.
You hear some strange, mumbled words.
A puff of flame appears from out of thin air!
The puff of flame hits you!
You die...

!# ##.## #...##
....# ....# ##.#.#
#)..<# #.)#####
#..{@..# #.####.#
#.# # #.# #########
#.# #.......###.#
...####......# #.#
.........##### #.#
########.########.#


There were no monsters in sight!

Vanquished Creatures
  5 adders
  An ufetubus (D:4)
  3 worms
  A dart slug (D:1)
  4 orcs
  6 endoplasms
  A giant cockroach (D:3)
  5 goblins
  2 hobgoblins
  A jackal (D:1)
  A quokka (D:5)
  8 ball pythons
  4 bats
  2 frilled lizards
  8 kobolds
  5 rats
57 creatures vanquished.

Vanquished Creatures (others)
  4 toadstools (D:1)
4 creatures vanquished.

Grand Total: 61 creatures vanquished

Notes
Turn   | Place    | Note
-------+----------+-------------------------------------------
     0 | D:5      | ragingrage the Demonspawn Delver began the quest for the
                  | Orb.
     0 | D:5      | Reached XP level 1. HP: 18/18 MP: 1/1
   173 | D:5      | Noticed a hound
   173 | D:5      | Noticed an iguana
   180 | D:5      | Noticed a howler monkey
   182 | D:5      | Noticed a scorpion
   232 | D:5      | Noticed a hound
   240 | D:4      | Gained mutation: Your touch may inflict minor irresistible
                  | damage on your foes. [demonic ancestry]
   240 | D:4      | Reached XP level 2. HP: 21/24 MP: 2/2
   269 | D:4      | Gained mutation: You are frail. (-10% HP) [potion of
                  | mutation]
   269 | D:4      | Gained mutation: You occasionally shout uncontrollably at
                  | your foes. [potion of mutation]
   434 | D:2      | Gained mutation: Your touch may inflict irresistible damage
                  | on your foes. [demonic ancestry]
   434 | D:2      | Reached XP level 3. HP: 26/26 MP: 3/3
   534 | D:2      | Lost mutation: You occasionally shout uncontrollably at
                  | your foes. [potion of mutation]
   534 | D:2      | Lost mutation: You are frail. (-10% HP) [potion of
                  | mutation]
   534 | D:2      | Gained mutation: You are strong-willed. (Will+) [potion of
                  | mutation]
   534 | D:2      | Gained mutation: Your body sometimes deteriorates upon
                  | taking damage. [potion of mutation]
   863 | D:1      | Found a faded altar of an unknown god.
  1748 | D:3      | Reached XP level 4. HP: 24/35 MP: 4/4
  2035 | D:3      | Found an opulent altar of Gozag.
  2234 | D:3      | Found a faded altar of an unknown god.
  2238 | D:3      | Found a blossoming altar of Fedhas.
  2377 | D:4      | Killed from afar by an orc wizard

Illustrated notes

Levels and vault maps discovered:
D:1:      ldierk_walled_garden_2, layout_rooms,
          shapermc_ecumenical_altar_mp_ritualfount, minmay_hexomino_c4
D:2:      layout_rooms, kennysheep_another_room
D:3:      layout_rooms, nicolae_overflow_ecumenical_swirl,
          nicolae_gozag_cash_rules_everything_around_me,
          cheibrodos_sewer_entry_drain, chequers_serial_rivers_large_a,
          solitary_fountain
D:4:      layout_loops_ring, minmay_temple_entry_slanted
D:5:      layout_loops_ring, feat_on_display, uniq_crazy_yiuf_cottage
D:6:      layout_loops_cross, uniq_duvessa, uniq_sigmund

Skill      XL: |  1  2  3 |
---------------+----------+-----
Long Blades    | 2 3 4 |  4.5
Fighting       | |  3.0
Dodging        | |  1.7
Stealth        | |  4.5

Action                     |  1- 3 |  4- 6 || total
---------------------------+-------+-------++-------
  Melee: Falchion          |   115 |    52 ||   167
         Touch             |     4 |     6 ||    10
         Punch             |     1 |       ||     1
    Use: Potion            |     2 |       ||     2
   Stab: Sleeping          |     3 |     2 ||     5
 Armour: Leather armour    |    27 |    21 ||    48
  Dodge: Dodged            |    76 |    44 ||   120

Table legend: (Time is in decaauts)
 A = Elapsed time spent in this place.
 B = Non-inter-level travel time spent in this place.
 C = Inter-level travel time spent in this place.
 D = Time resting spent in this place.
 E = Time spent auto-exploring this place.
 F = Levels seen in this place.
 G = Mean time per level.
                   A        B        C        D        E       F      G
               +--------+--------+--------+--------+--------+-----+--------+
         Total |   2409 |   2165 |    244 |    306 |   1355 |   6 |  401.5 |
       Dungeon |   2409 |   2165 |    244 |    306 |   1355 |   6 |  401.5 |
               +--------+--------+--------+--------+--------+-----+--------+

Top non-repeatable levels by time:
     D:3: 687 daAuts
     D:2: 639 daAuts
     D:1: 632 daAuts
     D:5: 226 daAuts
     D:4: 212 daAuts
     D:6: 11 daAuts
